 Dungeon Crawl Stone Soup version 0.18.1-48-g4cf74bf (webtiles) character file.

104748 Redz the Placeless Halfling (level 16, 0/108 HPs)
             Began as a Halfling Warper on Aug 19, 2016.
             Was the Champion of Sif Muna.
             Killed from afar by a shock serpent (17 damage)
             ... with a bolt of electricity
             ... on level 2 of the Snake Pit.
             The game lasted 04:44:34 (33214 turns).

Redz the Placeless Halfling (Halfling Warper)      Turns: 33214, Time: 04:44:35

Health: 0/108      AC: 21    Str: 11    XL:     16   Next: 93%
Magic:  24/35      EV: 20    Int: 22    God:    Sif Muna [******]
Gold:   350        SH:  8    Dex: 13    Spells: 7 memorised, 6 levels left

rFire  . . .     SeeInvis .     t - +7 dagger (drain)
rCold  + . .     Gourm    .     M - +0 troll leather armour
rNeg   + . .     Faith    .     u - +1 buckler
rPois  +         Spirit   .     L - +2 helmet {Int+3}
rElec  .         Dismiss  +     o - +1 cloak
rCorr  .         Reflect  .     e - +2 pair of gloves
SustAt .         Harm     .     E - +1 pair of boots of Weightlessness {+Inv Regen+ Int+7 Stlth-}
MR     ++...                    k - amulet of dismissal
Stlth  ++++......               F - ring "Sicuj" {rPois rC+ MP+9 Int-5 Slay+3}
                                p - ring "Mebin" {rPois rN+ MR+ Dex-2} (curse)

@: very slightly contaminated, invisible, very resistant to hostile
enchantments, stealthy
A: rough black scales 1, mutation resistance 1
a: Channel Energy, Forget Spell, Renounce Religion, Turn Visible


You were on level 2 of the Snake Pit.
You worshipped Sif Muna.
Sif Muna was exalted by your worship.
You were not hungry.

You visited 5 branches of the dungeon, and saw 28 of its levels.

You collected 2640 gold pieces.
You spent 2290 gold pieces at shops.

Inventory:

Hand Weapons
 t - a +7 dagger of draining (weapon)
 A - a +4 short sword
 R - a +2 short sword of venom
Armour
 e - a +2 pair of gloves (worn)
 g - the +4 fire dragon armour "Gesih" {rF++ rC- rN+ Slay+3}
   (You bought it in a shop on level 5 of the Dungeon)

   It affects your accuracy and damage with ranged weapons and melee attacks
   (+3).
   It greatly protects you from fire.
   It makes you vulnerable to cold.
   It protects you from negative energy.
 o - a +1 cloak (worn)
 u - a +1 buckler (worn)
 E - the +1 pair of boots of Weightlessness (worn) {+Inv Regen+ Int+7 Stlth-}
   (You bought it in a shop on level 5 of the Dungeon)

   It affects your intelligence (+7).
   It lets you turn invisible.
   It increases your rate of regeneration.
   It makes you less stealthy.
 L - a +2 helmet of intelligence (worn)
 M - a +0 troll leather armour (worn)
Jewellery
 i - the ring "Wesu" {rPois rF+ MR+ Str-3 Dex+7}
   (You found it on level 14 of the Dungeon)

   [ring of protection from fire]

   It affects your strength (-3).
   It affects your dexterity (+7).
   It protects you from fire.
   It protects you from poison.
   It affects your resistance to hostile enchantments.
 k - an amulet of dismissal (around neck)
 p - the cursed ring "Mebin" (left hand) {rPois rN+ MR+ Dex-2}
   (You found it on level 8 of the Lair of Beasts)

   [ring of dexterity]

   It affects your dexterity (-2).
   It protects you from poison.
   It protects you from negative energy.
   It affects your resistance to hostile enchantments.
   It has a curse placed upon it.
 F - the ring "Sicuj" (right hand) {rPois rC+ MP+9 Int-5 Slay+3}
   (You found it on level 1 of the Lair of Beasts)

   [ring of poison resistance]

   It affects your intelligence (-5).
   It affects your accuracy and damage with ranged weapons and melee attacks
   (+3).
   It protects you from cold.
   It protects you from poison.
   It affects your magic capacity (+9).
 S - the ring of Esmur {SustAt rElec rN+}
   (You found it on level 2 of the Lair of Beasts)

   [ring of sustain attributes]

   It sustains your strength, intelligence and dexterity.
   It insulates you from electricity.
   It protects you from negative energy.
Wands
 c - a wand of flame (4/48)
 l - a wand of confusion (23/48)
 q - a wand of digging (2/24)
 w - a wand of confusion (20/48)
 y - a wand of disintegration (5/24)
 B - a wand of iceblast (8/15)
Scrolls
 a - a scroll of summoning
 d - a scroll of blinking
 h - 4 scrolls of identify
 v - 5 scrolls of magic mapping
 G - 8 scrolls of teleportation
 J - 6 scrolls of recharging
 P - 6 scrolls of remove curse
 X - 2 scrolls of fear
Potions
 b - 3 potions of cure mutation
 n - 5 potions of cancellation
 r - a potion of resistance
 z - 10 potions of curing
 C - 2 potions of agility
 D - a potion of brilliance
 I - 7 potions of haste
 V - a potion of might
Books
 Y - a Grand Grimoire

   Spells                             Type                      Level
   a - Monstrous Menagerie            Summoning                    7
   b - Summon Greater Demon           Summoning                    7
   c - Malign Gateway                 Summoning/Translocation      7
   d - Summon Horrible Things         Summoning                    8
Miscellaneous
 N - a legendary deck of escape {drawn: 2}
Comestibles
 f - 14 bread rations
 m - 15 meat rations
 s - 9 royal jellies
 H - 5 fruits


   Skills:
 - Level 9.2 Fighting
 - Level 11.9 Short Blades
 - Level 1.1 Throwing
 * Level 10.9 Armour
 + Level 10.7 Dodging
 + Level 10.5 Stealth
 + Level 10.1 Shields
 - Level 7.2 Spellcasting
 + Level 9.3 Summonings
 + Level 12.6 Translocations
 - Level 5.0 Invocations
 - Level 3.0 Evocations


You had 6 spell levels left.
You knew the following spells:

 Your Spells              Type           Power        Failure   Level  Hunger
a - Apportation           Tloc           ######....   1%          1    None
b - Blink                 Tloc           N/A          1%          2    None
c - Shroud of Golubria    Chrm/Tloc      #####.....   1%          2    None
d - Passage of Golubria   Tloc           N/A          1%          4    ###....
e - Summon Lightning Spi  Summ/Air       ####....     17%         4    ###....
f - Summon Forest         Summ/Tloc      ######....   3%          5    #####..
g - Aura of Abjuration    Summ           #####.....   8%          5    #####..


Dungeon Overview and Level Annotations

Branches:
Dungeon (15/15)            Temple (1/1) D:5            Lair (8/8) D:9
  Swamp (0/4) Lair:6        Snake (2/4) Lair:5        Slime (0/6) Lair:6
    Orc (2/2) D:12            Elf (0/3) Orc:2        Vaults (0/5) D:14
 Depths (0/5) D:15

Altars:
Ashenzari
Cheibriados
Dithmenos
Elyvilon
Fedhas
Gozag
Kikubaaqudgha
Makhleb
Nemelex Xobeh
Okawaru
Pakellas
Qazlal
Ru
Sif Muna
Trog
Vehumet
Xom
Yredelemnul
Zin
The Shining One
Jiyva

Shops:
D:5 [   D:8 !   D:10 ?   Orc:2 *[!:[

Annotations:
D:9 Maurice
D:11 spawnfightdierepeat's ghost, journeyman MiFE
Lair:5 exclusion: oklob plant
Lair:6 exclusion: 2 oklob plants


Innate Abilities, Weirdness & Mutations

You are small and have problems with some larger weapons.
You are somewhat resistant to further mutation.
You are partially covered in rough black scales (AC +4, Dex -1).


Message History

The shock serpent disappears!
Drink which item? (? for menu, Esc to quit)
You feel much better.
The shock serpent shoots out a bolt of lightning at you!
The bolt of electricity hits you!
* * * LOW HITPOINT WARNING * * *
Drink which item? (? for menu, Esc to quit)
Okay, then.
You fade into invisibility!
You feel quite a bit more hungry.
Your lightning spire disappears in a puff of smoke!
Casting: Summon Lightning Spire
Confirm with . or Enter, or press ? or * to list all spells.
Aiming: Passage of Golubria
Press: ? - help, Dir - move target cursor You enter the passage of Golubria.
There is a passage of Golubria here.
The shock serpent shoots out a bolt of lightning at you!
The bolt of electricity hits you!
You die...

.... ...## ####
..
♣.#..###...##..
....#..........
. ..#..S.......
.. #.......♣...
...#...........
..#....^......>
(......@...###.
......†<♣.##
###..♣....#
#........#..#
.......##..##
...#### .## ...
## .


You could see a shock serpent.

Vanquished Creatures
  Kirke (D:14)
  An orc warlord (Orc:1)
  Maud (D:14)
  A salamander stormcaller (D:15)
  A fire dragon (Lair:8)
  An ogre mage (D:15)
  2 naga warriors (Snake:1)
  10 hydras
  2 centaur warriors (D:15)
  An anaconda (Lair:5)
  2 death yaks
  A naga sharpshooter (Snake:1)
  3 orc high priests (Orc:2)
  A wizard (D:14)
  The ghost of 2tc the Carver, a novice DsAK of Lugonu (D:7)
  2 sea snakes (Snake:1)
  An unseen horror (D:15)
  2 naga ritualists
  5 hill giants
  A griffon (D:15)
  Pikel (D:7)
  4 orc knights (Orc:2)
  4 orc sorcerers (Orc:2)
  A wolf spider zombie (D:14)
  4 ugly things
  A deep elf mage (Orc:1)
  A mana viper (Snake:1)
  A salamander (Snake:1)
  A hornet (D:15)
  5 cyclopes
  18 elephants
  Joseph (D:7)
  16 black mambas
  A molten gargoyle (D:14)
  A naga mage (Snake:1)
  A guardian serpent (Lair:8)
  A centaur skeleton (D:12)
  A gargoyle (D:15)
  14 spiny frogs
  A kobold demonologist (D:12)
  12 komodo dragons
  2 rime drakes
  4 trolls
  4 two-headed ogres
  The ghost of Kugarra the Jinx, a novice SpEn of Dithmenos (D:5)
  A polar bear (Lair:7)
  A slime creature (D:15)
  19 blink frogs
  A boulder beetle (Lair:8)
  A spriggan (shapeshifter) (D:15)
  A water elemental (D:12)
  A redback (D:15)
  2 vampires
  2 hogs (D:14)
  31 yaks
  3 basilisks
  11 wyverns
  Grum (D:8)
  A steam dragon (D:8)
  4 vampire mosquitoes
  A warg (Orc:2)
  8 hippogriffs
  A hungry ghost (D:9)
  5 nagas
  A mottled dragon (D:12)
  14 water moccasins
  7 porcupines
  4 ice beasts
  An eye of draining (D:15)
  26 orc warriors
  2 slaves (D:7)
  5 wasps
  3 black bears
  4 sky beasts
  A black bear (shapeshifter) (D:14)
  5 phantoms
  A necrophage (D:9)
  11 ogres
  19 wolves
  8 centaurs
  13 crocodiles
  2 big kobolds
  22 giant frogs
  3 scorpions
  6 killer bees
  A wight (D:12)
  An electric eel (Snake:1)
  6 crimson imps
  6 giant frog zombies
  3 centaur zombies
  2 quasits
  2 giant frog skeletons
  A wasp zombie (D:13)
  11 orc priests
  6 hounds
  6 jellies
  13 iguanas
  Terence (D:3)
  15 orc wizards
  19 worker ants
  8 sheep (Lair:8)
  A hound skeleton (D:5)
  15 adders
  A howler monkey skeleton (D:5)
  53 river rats
  3 shadow imps
  7 oozes
  3 adder skeletons
  A worm (D:2)
  A dart slug (D:1)
  11 giant geckos
  73 orcs
  11 bats
  7 giant cockroaches
  3 goblins
  5 hobgoblins
  21 jackals
  4 quokkas
  A ball python (D:5)
  A ball python skeleton (D:4)
  A giant gecko skeleton (D:4)
  2 giant newts
  9 kobolds
  A quokka skeleton (D:4)
  A quokka zombie (D:5)
  3 rats
734 creatures vanquished.

Vanquished Creatures (collateral kills)
  An orc warlord (Orc:2)
  Aizul (Snake:1)
  An ettin (D:15)
  A catoblepas (D:15)
  3 anacondas (Snake:1)
  A naga warrior (Snake:1)
  3 centaur warriors
  4 death yaks (Lair:8)
  An orc high priest (Orc:1)
  Urug (D:14)
  A deep elf knight (Orc:1)
  A wolf spider (Lair:8)
  A necromancer (D:14)
  A wolf spider zombie (D:15)
  3 hill giants
  A mana viper (Snake:1)
  An orc sorcerer (Orc:1)
  An ugly thing (D:15)
  A wizard (D:14)
  A cyclops (D:12)
  A salamander (Snake:1)
  A water nymph (shapeshifter) (D:15)
  3 naga magi (Snake:1)
  8 black mambas
  3 molten gargoyles (D:14)
  A freezing wraith (D:15)
  2 rime drakes (Lair:8)
  5 komodo dragons (Lair:8)
  2 blink frogs (Lair:8)
  2 wraiths
  2 wyverns (Lair:8)
  A golden eye (shapeshifter) (D:15)
  6 yaks
  A hippogriff (Lair:8)
  2 steam dragons (Lair:8)
  3 nagas
  A vampire mosquito (D:13)
  5 wargs
  2 mottled dragons
  A water moccasin (Lair:8)
  2 swamp drakes (Lair:8)
  12 orc warriors
  A wasp (Lair:8)
  2 ogres
  A boggart (D:15)
  8 centaurs (D:14)
  2 big kobolds
  3 crocodiles
  2 giant frogs
  A wyvern zombie (D:12)
  A scorpion (D:11)
  3 wights (D:12)
  An electric eel (Snake:1)
  2 hounds
  8 orc priests
  13 orc wizards
  An iguana (Lair:8)
  4 worker ants (Lair:8)
  8 river rats (Lair:8)
  35 orcs
  6 kobolds
  11 fungi
  28 plants
  A snaplasher vine (Snake:1)
237 creatures vanquished.

Vanquished Creatures (others)
  A hydra (Lair:4)
  A spiny frog (Lair:8)
  A centaur simulacrum (D:15)
  A yak (Lair:4)
  A shadow imp (D:15)
  26 fungi
  16 plants
  13 snaplasher vines
  2296 snaplasher vine segments
2356 creatures vanquished.

Grand Total: 3327 creatures vanquished

Notes
Turn   | Place    | Note
--------------------------------------------------------------
     0 | D:1      | Redz the Halfling Warper began the quest for the Orb.
     0 | D:1      | Reached XP level 1. HP: 14/14 MP: 3/3
    65 | D:1      | Reached XP level 2. HP: 8/19 MP: 4/4
   107 | D:1      | Reached skill level 1 in Stealth
   601 | D:1      | Reached XP level 3. HP: 23/24 MP: 5/5
  1109 | D:2      | Found a stormy altar of Qazlal.
  1492 | D:2      | Learned a level 2 spell: Blink
  1495 | D:2      | Learned a level 2 spell: Shroud of Golubria
  1531 | D:2      | Reached XP level 4. HP: 17/30 MP: 6/6
  2035 | D:3      | Noticed Terence
  2237 | D:3      | Found an opulent altar of Gozag.
  2497 | D:4      | Noticed a giant frog
  2916 | D:4      | Found a blossoming altar of Fedhas.
  3051 | D:4      | Reached XP level 5. HP: 35/35 MP: 7/7
  3508 | D:4      | Noticed an ogre
  3554 | D:3      | Reached skill level 1 in Shields
  3761 | D:4      | Noticed a phantom
  3768 | D:5      | Entered Level 5 of the Dungeon
  3768 | D:5      | Noticed an ogre
  3909 | D:3      | Killed Terence
  3913 | D:3      | Found a glowing silver altar of Zin.
  4000 | D:4      | Reached XP level 6. HP: 41/41 MP: 9/9
  4041 | D:5      | Found an oddly glowing altar of Pakellas.
  4172 | D:5      | Killed an ogre
  4172 | D:5      | Reached XP level 7. HP: 42/46 MP: 10/10
  4188 | D:5      | Reached skill level 5 in Short Blades
  4188 | D:5      | Reached skill level 4 in Translocations
  4814 | D:5      | Found Yptio's Antique Armour Shop.
  4862 | D:5      | Reached XP level 8. HP: 43/52 MP: 11/11
  4879 | D:5      | Found a white marble altar of Elyvilon.
  4932 | D:5      | Bought a pair of faintly glowing boots for 209 gold pieces
  4932 | D:5      | Identified the +1 pair of boots of Weightlessness {+Inv Regen+ Int+7 Stlth-} (You bought it in a shop on level 5 of the Dungeon)
  4945 | D:5      | Learned a level 4 spell: Passage of Golubria
  5236 | D:5      | Found a staircase to the Ecumenical Temple.
  5259 | D:5      | Noticed Kugarra's ghost (novice SpEn)
  5283 | Temple   | Entered the Ecumenical Temple
  5563 | Temple   | Became a worshipper of Sif Muna the Loreminder
  5797 | D:6      | Found a bloodstained altar of Trog.
  6097 | D:6      | Got a pair of brightly glowing boots
  6098 | D:6      | Identified the cursed +0 pair of boots "Muroxico" {rC+} (You found it on level 6 of the Dungeon)
  6238 | D:6      | Reached XP level 9. HP: 59/59 MP: 13/13
  6801 | D:7      | Found an ancient bone altar of Kikubaaqudgha.
  6825 | D:7      | Found a shimmering altar of Xom.
  6908 | D:7      | Noticed Pikel
  7029 | D:7      | Noticed Joseph
  7031 | D:7      | Noticed 2tc's ghost (novice DsAK)
  7065 | D:7      | Killed Joseph
  7065 | D:7      | Reached skill level 5 in Fighting
  7065 | D:7      | Reached skill level 5 in Translocations
  7737 | D:7      | Killed Pikel
  7737 | D:7      | Reached skill level 5 in Dodging
  7737 | D:7      | Reached XP level 10. HP: 63/66 MP: 15/15
  8010 | D:8      | Noticed Grum
  8038 | D:8      | Killed Grum
  8055 | D:8      | Reached skill level 5 in Stealth
  8164 | D:8      | Noticed Maurice
  8330 | D:8      | Reached skill level 5 in Armour
  8447 | D:8      | Reached * piety under Sif Muna
  8922 | D:8      | Found Niupamiu's Distillery.
  9019 | D:8      | Found a radiant altar of Vehumet.
  9021 | D:8      | Found a blossoming altar of Fedhas.
  9126 | D:8      | Gained mutation: You are partially covered in rough black scales (AC +4, Dex -1). [potion of mutation]
  9135 | D:8      | Reached ** piety under Sif Muna
  9135 | D:8      | Reached *** piety under Sif Muna
  9135 | D:8      | Reached **** piety under Sif Muna
  9135 | D:8      | Reached skill level 5 in Spellcasting
  9135 | D:8      | Reached skill level 10 in Translocations
  9135 | D:8      | Reached XP level 11. HP: 72/72 MP: 15/19
  9141 | D:8      | Learned a level 4 spell: Summon Lightning Spire
  9356 | D:9      | Found a staircase to the Lair.
  9411 | D:9      | Found a shadowy altar of Dithmenos.
 10191 | D:10     | Entered Level 10 of the Dungeon
 10213 | D:9      | Found a sacrificial altar of Ru.
 10385 | D:10     | Reached skill level 1 in Summonings
 10499 | D:10     | Found Syafuc's Magic Scroll Shop.
 10501 | D:10     | Noticed a hill giant
 10522 | D:10     | Killed a hill giant
 10522 | D:10     | Reached skill level 1 in Evocations
 10710 | D:10     | Reached skill level 1 in Invocations
 10776 | D:10     | Reached skill level 5 in Shields
 11081 | D:10     | Reached XP level 12. HP: 80/80 MP: 10/21
 11517 | D:11     | Noticed spawnfightdierepeat's ghost (journeyman MiFE)
 12628 | D:5      | Bought a runed leather armour for 44 gold pieces
 12628 | D:5      | Bought a shiny ring mail for 88 gold pieces
 13049 | D:5      | Killed Kugarra's ghost
 13185 | D:7      | Killed 2tc's ghost
 13185 | D:7      | Reached ***** piety under Sif Muna
 13251 | Lair:1   | Entered Level 1 of the Lair of Beasts
 13496 | Lair:1   | Reached skill level 11 in Translocations
 13632 | Lair:1   | Got a crude platinum ring
 14606 | Lair:2   | Got a vibrating marble ring
 14609 | Lair:2   | Identified the ring "Sicuj" {rPois rC+ MP+9 Int-5 Slay+3} (You found it on level 1 of the Lair of Beasts)
 14610 | Lair:2   | Identified the ring of Esmur {SustAt rElec rN+} (You found it on level 2 of the Lair of Beasts)
 15709 | Lair:3   | Reached skill level 10 in Short Blades
 15709 | Lair:3   | Reached XP level 13. HP: 73/85 MP: 12/22
 16129 | Lair:3   | Noticed a four-headed hydra
 16158 | Lair:3   | Killed a four-headed hydra
 16416 | Lair:4   | Noticed a five-headed hydra
 16815 | Lair:4   | Noticed a seven-headed hydra
 16950 | Lair:4   | Identified the Papyrus of Attacks
 17293 | Lair:4   | Killed a five-headed hydra
 17540 | Lair:4   | Reached skill level 5 in Summonings
 18036 | Lair:5   | Noticed a six-headed hydra
 18214 | Lair:6   | Found a staircase to the Slime Pits.
 18214 | Lair:6   | Found a viscous altar of Jiyva.
 18308 | Lair:6   | Reached ****** piety under Sif Muna
 18632 | Lair:6   | Received a gift from Sif Muna
 18756 | Lair:7   | Reached XP level 14. HP: 92/92 MP: 24/24
 19075 | Lair:6   | Found a staircase to the Swamp.
 21253 | Lair:8   | Entered Level 8 of the Lair of Beasts
 21529 | Lair:8   | Reached skill level 5 in Invocations
 21628 | Lair:7   | Learned a level 5 spell: Summon Forest
 21634 | Lair:7   | Learned a level 5 spell: Aura of Abjuration
 23503 | Lair:8   | Reached XP level 15. HP: 92/99 MP: 15/25
 23663 | Lair:8   | Got a steaming platinum ring
 23664 | Lair:8   | Identified the cursed ring "Mebin" {rPois rN+ MR+ Dex-2} (You found it on level 8 of the Lair of Beasts)
 24849 | D:12     | Found a staircase to the Orcish Mines.
 25015 | D:12     | Identified a -3 rod of inaccuracy (14/14) (You found it on level 12 of the Dungeon)
 26313 | D:14     | Found a gate to the Vaults.
 26332 | D:14     | Got a faintly glowing brass ring
 26346 | D:14     | Reached skill level 12 in Translocations
 26625 | D:14     | Noticed Maud
 26798 | D:14     | Killed Maud
 27000 | D:14     | Noticed Urug
 27017 | D:14     | Killed Urug
 27042 | D:14     | Noticed Kirke
 27045 | D:14     | Killed Kirke
 27198 | D:15     | Entered Level 15 of the Dungeon
 27378 | D:15     | Found a basalt altar of Yredelemnul.
 27378 | D:15     | Found a shadowy altar of Dithmenos.
 27455 | D:15     | Found a snail-covered altar of Cheibriados.
 27978 | D:15     | Reached XP level 16. HP: 107/107 MP: 26/26
 28105 | D:15     | Found a staircase to the Depths.
 28304 | D:15     | Noticed a golden dragon
 28335 | D:15     | Received a gift from Sif Muna
 28640 | D:5      | Bought a twisted fire dragon armour for 1430 gold pieces
 28640 | D:5      | Identified the +4 fire dragon armour "Gesih" {rF++ rC- rN+ Slay+3} (You bought it in a shop on level 5 of the Dungeon)
 28652 | D:5      | Identified the ring "Wesu" {rPois rF+ MR+ Str-3 Dex+7} (You found it on level 14 of the Dungeon)
 28900 | Orc:1    | Entered Level 1 of the Orcish Mines
 29424 | Orc:1    | Got a warped scimitar
 29425 | Orc:1    | Identified the +3 scimitar of Fixation {holy, *Confuse +Inv Dex+4} (You found it on level 1 of the Orcish Mines)
 29831 | Orc:2    | Entered Level 2 of the Orcish Mines
 29859 | Orc:2    | Reached skill level 10 in Dodging
 29859 | Orc:2    | Reached skill level 10 in Stealth
 29988 | Orc:2    | Reached skill level 10 in Armour
 30013 | Orc:2    | Found Ejoggaocko's Assorted Antiques.
 30022 | Orc:2    | Bought a scroll of enchant weapon for 217 gold pieces
 30022 | Orc:2    | Bought a pair of embroidered gloves for 130 gold pieces
 30116 | Orc:2    | Found a staircase to the Elven Halls.
 30248 | Orc:2    | Found Deheivocwo's Armour Boutique.
 30400 | Orc:2    | Found Tawah's Armour Shoppe.
 30979 | Orc:2    | Found Ruroig's Book Shoppe.
 30996 | Orc:2    | Found Meluijua's Distillery.
 31002 | Orc:2    | Bought a +0 helmet of intelligence for 172 gold pieces
 31487 | Lair:5   | Found a staircase to the Snake Pit.
 31506 | Snake:1  | Entered Level 1 of the Snake Pit
 31861 | Snake:1  | Noticed Aizul
 32231 | Lair:5   | Reached skill level 10 in Shields
 32427 | Snake:1  | Killed Aizul
 33214 | Snake:2  | Killed from afar by a shock serpent

Skill      XL: |  1  2  3  4  5  6  7  8  9 10 11 12 13 14 15 16 |
---------------+-------------------------------------------------+-----
Stealth        | 1 2 3 4 5 6 7 8 9 10 | 10.5
Fighting       | 2 3 4 5 6 7 8 9 |  9.2
Short Blades   | 3 4 5 6 8 9 10 11 | 11.9
Armour         | 2 3 4 5 6 7 8 9 10 | 10.9
Shields        | 1 2 3 4 5 6 7 8 9 10 | 10.1
Spellcasting   | 2 3 5 6 7 |  7.2
Dodging        | 3 4 5 6 7 8 9 10 | 10.7
Translocations | 4 5 10 11 12 | 12.6
Summonings     | 1 3 5 6 8 9 |  9.3
Evocations     | 1 3 |  3.0
Invocations    | 1 2 4 5 |  5.0
Throwing       | |  1.1

Action                   |  1- 3 |  4- 6 |  7- 9 | 10-12 | 13-15 | 16-18 || total
-------------------------+-------+-------+-------+-------+-------+-------++-------
Melee: Short sword       |   168 |   234 |       |       |   313 |       ||   715
       Dagger            |       |    70 |   581 |  1452 |  2486 |   697 ||  5286
 Cast: Shroud of Golubri |       |     2 |     5 |    24 |    33 |     8 ||    72
       Passage of Golubr |       |       |       |    20 |    19 |    11 ||    50
       Summon Lightning  |       |       |       |     1 |    54 |    17 ||    72
       Summon Forest     |       |       |       |       |    40 |    29 ||    69
       Blink             |       |       |       |       |     1 |     1 ||     2
       Aura of Abjuratio |       |       |       |       |     2 |     2 ||     4
       Apportation       |       |       |       |       |     1 |       ||     1
Invok: Channel Energy    |       |       |       |       |     1 |       ||     1
 Abil: Evoke Invisibilit |       |       |       |       |     1 |     1 ||     2
Evoke: Wand              |       |     3 |     3 |     6 |    18 |     5 ||    35
       Deck              |       |       |       |     2 |       |       ||     2
  Use: Scroll            |       |     7 |     8 |    19 |    13 |    12 ||    59
       Potion            |       |     1 |       |    14 |     5 |     3 ||    23
 Stab: Sleeping          |     4 |     3 |     1 |     9 |    26 |     5 ||    48
       Confused          |       |       |       |     4 |     1 |       ||     5
       Distracted        |       |       |       |       |    19 |    14 ||    33
  Eat: Royal jelly       |     1 |       |       |       |     1 |     1 ||     3
       Chunk             |       |     4 |     8 |    24 |    51 |    23 ||   110
       Meat ration       |       |     1 |       |       |       |     1 ||     2
       Fruit             |       |       |     4 |     4 |       |     1 ||     9
       Pizza             |       |       |     1 |     1 |     4 |       ||     6
       Beef jerky        |       |       |       |     2 |     2 |       ||     4
Armor: Leather armour    |    51 |    19 |       |       |       |       ||    70
       Ring mail         |       |    78 |   125 |   197 |       |       ||   400
       Troll leather arm |       |       |       |    83 |   552 |    63 ||   698
       Fire dragon armou |       |       |       |       |       |    92 ||    92
Dodge: Dodged            |   120 |   193 |   243 |   594 |  1443 |   282 ||  2875
Block: Buckler           |     4 |    47 |   104 |   214 |   646 |   165 ||  1180
